 Dungeon Crawl Stone Soup version 0.20.2-3-g29329e0561 (webtiles) character file.

1060 Alfie the Slasher (level 8, -1/77 HPs)
             Began as a Minotaur Fighter on Oct 22, 2020.
             Slain by an ice beast (14 damage)
             ... on level 5 of the Dungeon.
             The game lasted 00:07:29 (3011 turns).

Alfie the Slasher (Minotaur Fighter)                Turns: 3011, Time: 00:07:31

Health: -1/77      AC:  8    Str: 23    XL:     8   Next: 6%
Magic:  7/7        EV:  8    Int:  5    God:
Gold:   285        SH: 10    Dex: 10    Spells: 6/7 levels left

rFire    . . .     SeeInvis .   a - +2 long sword
rCold    . . .     Gourm    .   c - +0 shield
rNeg     . . .     Faith    .   b - +0 scale mail
rPois    .         Spirit   .   (helmet restricted)
rElec    .         Reflect  .   (no cloak)
rCorr    .         Harm     .   r - +0 pair of gloves
MR       +....     Clarity  +   (no boots)
Stlth    ..........             (no amulet)
Regen    0.3/turn               i - ring of protection from magic
MPRegen  0.1/turn               (no ring)

@: no status effects
A: retaliatory headbutt, horns 2, clarity, robust 1
a: no special abilities


You were on level 5 of the Dungeon.
You were not hungry.

You visited 1 branch of the dungeon, and saw 5 of its levels.

You collected 285 gold pieces.

Inventory:

Hand Weapons
 a - a +2 long sword (weapon)
Armour
 b - a +0 scale mail (worn)
 c - a +0 shield (worn)
 r - a +0 pair of gloves (worn)
Jewellery
 i - a ring of protection from magic (left hand)
 q - an uncursed ring of see invisible {unknown}
 w - an uncursed ring of resist corrosion {unknown}
Wands
 o - a wand of acid (5/15)
 t - a wand of acid (13/15)
 u - a wand of acid (2/15)
Scrolls
 k - 3 scrolls of amnesia
 v - a scroll of summoning {unknown}
Potions
 d - 3 potions of might
 e - a potion of resistance {unknown}
 g - 2 potions of magic {unknown}
 m - a potion of flight
 n - a potion of brilliance {unknown}
 s - a potion of curing
 x - 2 potions of heal wounds {unknown}
Books
 l - a book of Cantrips

   Spells                             Type                      Level
   a - Confusing Touch                Hexes                        1
   b - Animate Skeleton               Necromancy                   1
   c - Summon Small Mammal            Summoning                    1
   d - Apportation                    Translocation                1
Comestibles
 f - 5 bread rations
 h - a meat ration
 j - 3 fruits
 p - 3 royal jellies


   Skills:
 + Level 5.8 Fighting
 + Level 7.3 Long Blades
 + Level 6.2 Armour
 + Level 1.4 Dodging
 + Level 1.1 Stealth
 + Level 6.0 Shields


You had 6 spell levels left.
You knew the following spells:

 Your Spells              Type           Power        Failure   Level  Hunger
a - Confusing Touch       Hex            #.....       99%         1    ##.....


Dungeon Overview and Level Annotations

Branches:
Dungeon (5/15)
 Temple: D:4-7

Altars:
Elyvilon
Qazlal
Uskayaw
The Shining One

Annotations:
D:5 2 transporters


Innate Abilities, Weirdness & Mutations

You reflexively headbutt those who attack you in melee.
You have a pair of horns on your head.
You possess an exceptional clarity of mind.
You are robust. (+10% HP)


Message History

An adder comes into view.
The ice beast hits you. The ice beast freezes you!
* * * LOW HITPOINT WARNING * * *
The adder bites you but does no damage.
Found a stone staircase leading down.
You slice the ice beast!! Your headbutt misses the ice beast.
The ice beast is severely wounded.
You block the ice beast's attack. The adder bites you.
* * * LOW HITPOINT WARNING * * *
You hit the ice beast but do no damage. Your headbutt misses the ice beast.
The ice beast is severely wounded.
The adder bites you but does no damage. You block the ice beast's attack.
You closely miss the ice beast. Your headbutt misses the ice beast.
The ice beast is severely wounded.
The adder bites you.
* * * LOW HITPOINT WARNING * * *
The ice beast hits you.
* * * LOW HITPOINT WARNING * * *
The ice beast freezes you!
You die...

#...# ##.........#
#...####.####.####......
#.#..(........# ....>..
#.#)#.......### .⌠.....
#.#.#.......# .......
..#.#....<..# ...⌠.⌠.
###.#.......# .......
#.#.......#####S⌠.....
#.#.......'...@Y...<..
#.#.......######?.....
..####+#....(..# .....
### ######### ####
#.....^.# #.#####.#
#.#.# #.#.# #.#.#


You could see an ice beast and an adder.

Vanquished Creatures
  Pikel (D:5)
  Sigmund (D:5)
  A centaur (D:5)
  A howler monkey (D:4)
  A crimson imp (D:5)
  A bullfrog zombie (D:5)
  A centaur skeleton (D:5)
  2 iguanas (D:4)
  Terence (D:3)
  An orc wizard (D:3)
  A worker ant (D:4)
  2 adders
  A shadow imp (D:5)
  An ooze (D:2)
  An adder skeleton (D:4)
  3 worms
  2 dart slugs (D:1)
  5 leopard geckos
  7 orcs
  A ball python (D:4)
  A giant cockroach (D:2)
  10 goblins
  7 hobgoblins
  7 jackals
  A quokka (D:4)
  2 bats (D:1)
  4 frilled lizards
  6 kobolds
  3 rats (D:1)
76 creatures vanquished.

Notes
Turn   | Place    | Note
-------+----------+-------------------------------------------
     0 | D:1      | Alfie the Minotaur Fighter began the quest for the Orb.
     0 | D:1      | Reached XP level 1. HP: 19/19 MP: 0/0
   117 | D:1      | Reached XP level 2. HP: 22/27 MP: 1/1
   419 | D:1      | Reached XP level 3. HP: 29/33 MP: 2/2
  1305 | D:3      | Learned a level 1 spell: Confusing Touch
  1462 | D:3      | Noticed Terence
  1467 | D:3      | Killed Terence
  1467 | D:3      | Reached skill level 3 in Long Blades
  1467 | D:3      | Reached XP level 4. HP: 41/41 MP: 3/3
  1632 | D:3      | Gained mutation: You are robust. (+10% HP) [potion of mutation]
  1632 | D:3      | Gained mutation: You possess an exceptional clarity of mind. [potion of mutation]
  1820 | D:3      | Reached XP level 5. HP: 44/51 MP: 4/4
  2169 | D:4      | Reached skill level 4 in Long Blades
  2176 | D:4      | Reached skill level 1 in Dodging
  2241 | D:4      | Reached skill level 5 in Shields
  2241 | D:4      | Reached XP level 6. HP: 54/58 MP: 5/5
  2366 | D:4      | Found a white marble altar of Elyvilon.
  2378 | D:4      | Found a hide-covered altar of Uskayaw.
  2392 | D:4      | Found a glowing golden altar of the Shining One.
  2395 | D:4      | Found a stormy altar of Qazlal.
  2668 | D:5      | Entered Level 5 of the Dungeon
  2742 | D:5      | Found a transporter.
  2760 | D:5      | Found a transporter.
  2775 | D:5      | Noticed Sigmund
  2796 | D:5      | Killed Sigmund
  2796 | D:5      | Reached skill level 5 in Fighting
  2796 | D:5      | Reached skill level 5 in Long Blades
  2796 | D:5      | Reached skill level 5 in Armour
  2803 | D:5      | Reached skill level 6 in Long Blades
  2803 | D:5      | Reached XP level 7. HP: 27/67 MP: 6/6
  2906 | D:5      | Noticed Pikel
  2921 | D:5      | Killed Pikel
  2921 | D:5      | Reached skill level 7 in Long Blades
  2921 | D:5      | Reached skill level 1 in Stealth
  2921 | D:5      | Reached XP level 8. HP: 17/77 MP: 7/7
  3011 | D:5      | Slain by an ice beast

Skill      XL: |  1  2  3  4  5  6  7  8 |
---------------+-------------------------+-----
Armour         | 4 5 6 |  6.2
Shields        | 4 5 6 |  6.0
Fighting       | 4 5 |  5.8
Long Blades    | 3 4 6 7 |  7.3
Dodging        | 1 |  1.4
Stealth        | 1 |  1.1

Action                   |  1- 3 |  4- 6 |  7- 9 || total
-------------------------+-------+-------+-------++-------
Melee: Long sword        |    89 |    70 |    18 ||   177
       Headbutt          |    14 |    17 |     7 ||    38
  Use: Scroll            |     4 |     5 |       ||     9
       Potion            |       |     3 |       ||     3
  Eat: Bread ration      |     1 |       |       ||     1
       Fruit             |       |     2 |     1 ||     3
Armor: Scale mail        |    40 |    21 |     4 ||    65
Dodge: Dodged            |    25 |    16 |     4 ||    45
Block: Shield            |    46 |    25 |     9 ||    80
       Rpst.: Long sword |     8 |     8 |     1 ||    17
